cohdb
Replays
Latest Replays
All Replays
Popular Replays
Top Player Replays
Match Explorer
How It Works
Community
CoH3 Stats
Reddit
Sign in to upload your games and track your stats! →
Sign in with Steam
Match 38055111
Unlisted
Match 38055111
Overview
Messages
Build Orders
End
Panzergrenadier Squad
250 Light Carrier
Panzergrenadier Squad
Panzergrenadier Squad
Construct Light Support Kompanie
Construct Mechanized Kompanie
Selects Armored Support Battlegroup
Selects Salvage Kits
Selects Superior Fire Drills
8 Rad Armored Car
2.5-tonne Medical Truck
254 Reconnaissance Tractor
Marder III Tank Destroyer
Marder III Tank Destroyer
Support Armor Elements
Haxses
America bitch
Hanzawilhelm Longbowman of Crécy
Tanith's Finest
0
0
Comments
sign in to comment!
No comments posted yet!